 Dungeon Sprint DCSS version 0.30.1-4-g462c640d31 (webtiles) character file.

Game seed: 85493397198927905

8789 Heoruswealwe the Brawler (level 11, -4/184 HPs)
             Began as a Troll Berserker on Aug 17, 2023.
             Was the Champion of Trog.
             Slain by an 18-headed hydra (8 damage)
             ... in the Dungeon (Sprint I: "Red Sonja").
             The game lasted 00:21:06 (1042 turns).

Heoruswealwe the Brawler (Troll Berserker)          Turns: 1042, Time: 00:21:06

Health: -4/184     AC:  9    Str: 31    XL:     11   Next: 14%
Magic:  10/10      EV: 13    Int:  3    God:    Trog [******]
Gold:   340        SH:  0    Dex:  9    Spells: 10/10 levels left

rFire   + .          .
                       - Unarmed
rCold   . . .        (no shield)
rNeg    . . .        i - +2 robe {rF+}
rPois   +            (helmet restricted)
rElec   .            e - +2 cloak {rPois}
rCorr   .            (gloves unavailable)
SInv    .            (boots unavailable)
Will    .....        (no amulet) Stlth
                     (no ring)
HPRegen 1.30/turn    (no ring)
MPRegen 0.12/turn

%: no teleportation
@: berserking, very quick
A: large, unfitting armour, claws 3, regeneration 1, shaggy fur 1, tough skin 1
a: Renounce Religion, Berserk, Trog's Hand, Brothers in Arms


You were in the Dungeon.
You worshipped Trog.
Trog was exalted by your worship.
You visited 1 branch You collected 1776 gold pieces.
You spent 1436 gold pieces at shops.

Inventory:

Hand Weapons
 l - the +7 battleaxe of the Butterfly {heavy, *Noise rElec rC+++ Dex-5}
   (Trog gifted it to you in the Dungeon)

   Dex:       It affects your dexterity (-5).
   rC:        It renders you almost immune to cold.
   rElec:     It insulates you from electricity.
   *Noise:    It may make noises in combat.
Armour
 e - a +2 cloak of poison resistance (worn)
 i - a +2 robe of fire resistance (worn)
Wands
 h - a wand of polymorph (6)
 k - a wand of charming (6)
Scrolls
 a - a scroll of poison
 c - 7 scrolls of identify
 g - a scroll of blinking
 q - a scroll of silence
 t - a scroll of enchant armour
Potions
 b - a potion of curing
 d - 2 potions of haste
 f - a potion of berserk rage
 p - 2 potions of flight
 r - 2 potions of mutation


   Skills:
 + Level 12.0 Fighting
 + Level 12.0 Dodging
 * Level 19.3 Unarmed Combat


You had 10 spell levels left.
You didn't know any spells.
Your spell library was empty.

Dungeon Overview and Level Annotations

Branches:
Dungeon (1/1)

Altars:
Cheibriados
Dithmenos
Elyvilon
Fedhas
Gozag
Hepliaklqana
Kikubaaqudgha
Makhleb
Nemelex Xobeh
Okawaru
Qazlal
Ru
Sif Muna
Trog
Uskayaw
Vehumet
Wu Jian
Xom
Yredelemnul
Zin
The Shining One
Jiyva
Lugonu

Shops:
D *??*[[:*[=![[[[?


Innate Abilities, Weirdness & Mutations

You are too large for most types of armour.
You have claws for hands.
Your natural rate of healing is unusually fast.
You are covered in fur. (AC +1)
You have tough skin. (AC +1)


Message History

You tear one of the 16-headed hydra's heads off!
The 15-headed hydra grows two more!
You claw the 17-headed hydra!
The 17-headed hydra is almost dead.
The 17-headed hydra bites you!
The 17-headed hydra bites you but does no damage. x2
The 17-headed hydra bites you!
* * * LOW HITPOINT WARNING * * *
The 17-headed hydra bites you.
* * * LOW HITPOINT WARNING * * *
The 17-headed hydra bites you!
* * * LOW HITPOINT WARNING * * *
The 17-headed hydra bites you but does no damage.
The 17-headed hydra misses you. x2; The 17-headed hydra bites you.
* * * LOW HITPOINT WARNING * * *
The 17-headed hydra bites you!
* * * LOW HITPOINT WARNING * * *
The 17-headed hydra misses you. The 17-headed hydra bites you.
* * * LOW HITPOINT WARNING * * *
The 17-headed hydra barely misses you.
The 17-headed hydra bites you but does no damage.
The 17-headed hydra bites you.
* * * LOW HITPOINT WARNING * * *
The 17-headed hydra bites you.
* * * LOW HITPOINT WARNING * * *
You claw one of the 17-headed hydra's heads off!
The 16-headed hydra grows two more!
You claw the 18-headed hydra! Your claw misses the 18-headed hydra.
The 18-headed hydra is severely wounded.
You barely miss the 18-headed hydra.
The 18-headed hydra is severely wounded.
You barely miss the 18-headed hydra.
The 18-headed hydra is severely wounded.
The 18-headed hydra bites you but does no damage.
The 18-headed hydra bites you!
* * * LOW HITPOINT WARNING * * *
The 18-headed hydra barely misses you. The 18-headed hydra bites you.
* * * LOW HITPOINT WARNING * * *
The 18-headed hydra bites you but does no damage. x2
The 18-headed hydra bites you!
You die...

#####################************
..#).#§§.)§§§§§§@DG$#,,+,,,,*,,,,
..##'#.####§§.§§##$.+,,*,,,,**,,,
..'..#.#,*##...##**##*+*,,,,,****
###).+.#+*,###+#,,,**,,*,,,,,*,,,
.##+####,,,*,*,**,,,*,,**,,,,*,∩,
.#..°°○#,,,***,,***,*,,~***+**,,,
.#..°.°+,,,,,**,*,*,*,,~,,*,****+
'###.°°#,,,,,*,,***,*,,~,**+*,,,,
.+.#°..#**++**,**,,,*,,~**,,,,,,,


You could see a 18-headed hydra and a floating eye (charged).

Vanquished Creatures
  2 centaur warriors (D)
  A deep troll (D)
  A lindwurm (D)
  An oklob plant (D)
  4 demonic crawlers (D)
  A gargoyle (D)
  2 kobold demonologists (D)
  2 unseen horrors (D)
  A hornet (D)
  A slime creature (D)
  A yak (D)
  Sigmund (D)
  13 hogs (D)
  2 redbacks (D)
  2 floating eyes (D)
  An ogre (D)
  7 necrophages (D)
  8 jellies (D)
  Ijyb (D)
52 creatures vanquished.

Notes
Turn   | Place    | Note
-------+----------+-------------------------------------------
     0 | D        | Heoruswealwe the Troll Berserker began the quest for the
                  | Orb.
     0 | D        | Reached XP level 1. HP: 22/22 MP: 0/0
     1 | D        | Noticed Ijyb
     8 | D        | Killed Ijyb
     9 | D        | Reached skill level 5 in Unarmed Combat
     9 | D        | Reached XP level 2. HP: 23/31 MP: 1/1
    50 | D        | Noticed an ogre
    54 | D        | Killed an ogre
    55 | D        | Reached skill level 7 in Unarmed Combat
    55 | D        | Reached XP level 3. HP: 40/40 MP: 2/2
    55 | D        | Reached XP level 4. HP: 49/49 MP: 3/3
    81 | D        | Noticed Sigmund
    84 | D        | Killed Sigmund
    84 | D        | Reached ** piety under Trog
    85 | D        | Reached skill level 5 in Fighting
    85 | D        | Reached skill level 5 in Dodging
    85 | D        | Reached skill level 9 in Unarmed Combat
    85 | D        | Reached XP level 5. HP: 51/58 MP: 4/4
    98 | D        | Found a burning altar of Makhleb.
    98 | D        | Found a viscous altar of Jiyva.
    98 | D        | Found a shimmering altar of Xom.
    98 | D        | Found a corrupted altar of Lugonu.
    98 | D        | Noticed a slime creature
   108 | D        | Killed a slime creature
   109 | D        | Reached skill level 10 in Unarmed Combat
   109 | D        | Reached XP level 6. HP: 48/68 MP: 5/5
   128 | D        | Found an ornate altar of the Wu Jian Council.
   128 | D        | Found a shimmering blue altar of Sif Muna.
   130 | D        | Found a radiant altar of Vehumet.
   157 | D        | Found Entak's Assorted Antiques.
   157 | D        | Found an ancient bone altar of Kikubaaqudgha.
   157 | D        | Found a hazy altar of Hepliaklqana.
   157 | D        | Found a stormy altar of Qazlal.
   157 | D        | Found a hide-covered altar of Uskayaw.
   157 | D        | Found a blossoming altar of Fedhas.
   157 | D        | Found a bloodstained altar of Trog.
   157 | D        | Found an iron altar of Okawaru.
   157 | D        | Found a basalt altar of Yredelemnul.
   157 | D        | Found a glowing golden altar of the Shining One.
   157 | D        | Found a snail-covered altar of Cheibriados.
   157 | D        | Found a sacrificial altar of Ru.
   157 | D        | Found a glowing silver altar of Zin.
   157 | D        | Found a shadowy altar of Dithmenos.
   157 | D        | Found a white marble altar of Elyvilon.
   157 | D        | Noticed a yak
   161 | D        | Killed a yak
   161 | D        | Reached *** piety under Trog
   162 | D        | Reached skill level 11 in Unarmed Combat
   162 | D        | Reached XP level 7. HP: 76/76 MP: 6/6
   162 | D        | Found an opulent altar of Gozag.
   163 | D        | Found a sparkling altar of Nemelex Xobeh.
   167 | D        | Bought a scroll labelled FIUGUHYMIA for 24 gold pieces
   185 | D        | Noticed a kobold demonologist
   185 | D        | Noticed a kobold demonologist
   188 | D        | Paralysed by a floating eye for 3 turns
   191 | D        | Noticed a sixfirhy
   197 | D        | Noticed a soul eater
   197 | D        | Killed a kobold demonologist
   198 | D        | Reached skill level 12 in Unarmed Combat
   201 | D        | Noticed a hellwing
   203 | D        | Killed a kobold demonologist
   203 | D        | Reached **** piety under Trog
   204 | D        | Reached skill level 13 in Unarmed Combat
   204 | D        | Reached XP level 8. HP: 87/88 MP: 7/7
   218 | D        | Noticed a centaur warrior
   220 | D        | Noticed a centaur warrior
   229 | D        | Killed a centaur warrior
   230 | D        | Reached skill level 14 in Unarmed Combat
   235 | D        | Killed a centaur warrior
   236 | D        | Reached skill level 15 in Unarmed Combat
   236 | D        | Reached XP level 9. HP: 38/100 MP: 8/8
   290 | D        | Noticed a deep troll
   293 | D        | Killed a deep troll
   305 | D        | Found Vasarait's Armour Emporium.
   327 | D        | Paralysed by a hornet for 2 turns
   389 | D        | Noticed an oklob plant
   394 | D        | Killed an oklob plant
   394 | D        | Reached ***** piety under Trog
   395 | D        | Reached skill level 10 in Fighting
   395 | D        | Reached skill level 10 in Dodging
   395 | D        | Reached skill level 16 in Unarmed Combat
   493 | D        | Reached XP level 10. HP: 111/111 MP: 9/9
   497 | D        | Received a gift from Trog
   524 | D        | Reached ****** piety under Trog
   545 | D        | Identified the +7 battleaxe of the Butterfly {heavy, *Noise
                  | rElec rC+++ Dex-5} (Trog gifted it to you in the Dungeon)
   545 | D        | Received a gift from Trog
   546 | D        | Reached skill level 17 in Unarmed Combat
   659 | D        | Found Vetatz's Magic Scroll Shoppe.
   659 | D        | Found Tooj's Magic Scroll Shop.
   659 | D        | Found Gaeklet's Assorted Antiques.
   661 | D        | Found Ysesch's Armour Emporium.
   661 | D        | Found Kathixze's Antique Armour Shop.
   661 | D        | Found Ylyab's Book Shoppe.
   661 | D        | Found Talerad's General Store.
   661 | D        | Found Rops's Armour Emporium.
   661 | D        | Found Muatahes's Jewellery Shop.
   661 | D        | Found Xoagarat's Distillery.
   663 | D        | Bought a scroll of identify for 24 gold pieces
   663 | D        | Bought a scroll of identify for 24 gold pieces
   663 | D        | Bought a scroll of identify for 24 gold pieces
   663 | D        | Bought a scroll of identify for 24 gold pieces
   663 | D        | Bought a scroll of identify for 24 gold pieces
   669 | D        | Bought a scroll of identify for 24 gold pieces
   669 | D        | Bought a scroll of identify for 24 gold pieces
   669 | D        | Bought a scroll of identify for 24 gold pieces
   670 | D        | Bought a viscous clear potion for 22 gold pieces
   670 | D        | Bought a scroll labelled FETYOTOHAMN for 25 gold pieces
   672 | D        | Found Xuyloenk's Antique Armour Boutique.
   673 | D        | Found Karasch's Antique Armour Emporium.
   673 | D        | Found Esoummin's Armour Boutique.
   674 | D        | Found Bosax's Magic Scroll Emporium.
   676 | D        | Bought a scroll of identify for 24 gold pieces
   676 | D        | Bought a potion of flight for 36 gold pieces
   676 | D        | Bought a potion of mutation for 96 gold pieces
   676 | D        | Bought a scroll of magic mapping for 90 gold pieces
   680 | D        | Bought a potion of mutation for 104 gold pieces
   684 | D        | Bought a scroll of identify for 28 gold pieces
   684 | D        | Bought a scroll of identify for 28 gold pieces
   684 | D        | Bought a scroll of identify for 28 gold pieces
   684 | D        | Bought a scroll of identify for 28 gold pieces
   684 | D        | Bought a scroll of identify for 28 gold pieces
   691 | D        | Bought a potion of haste for 130 gold pieces
   691 | D        | Bought a potion of haste for 130 gold pieces
   696 | D        | Bought a runed robe for 103 gold pieces
   701 | D        | Bought a scroll of enchant armour for 90 gold pieces
   713 | D        | Acquired a +2 cloak of poison resistance
   782 | D        | Bought a +2 robe of fire resistance for 230 gold pieces
   827 | D        | Noticed a demonic crawler
   827 | D        | Noticed a demonic crawler
   827 | D        | Noticed a demonic crawler
   827 | D        | Noticed a demonic crawler
   844 | D        | Killed a demonic crawler
   849 | D        | Killed a demonic crawler
   849 | D        | Received a gift from Trog
   854 | D        | Killed a demonic crawler
   859 | D        | Killed a demonic crawler
   860 | D        | Reached skill level 18 in Unarmed Combat
   916 | D        | Noticed a gargoyle
   921 | D        | Killed a gargoyle
   956 | D        | Noticed a lindwurm
   964 | D        | Killed a lindwurm
   982 | D        | Reached XP level 11. HP: 88/123 MP: 10/10
   987 | D        | Received a gift from Trog
   988 | D        | Reached skill level 19 in Unarmed Combat
  1005 | D        | Received a gift from Trog
  1033 | D        | Noticed a 12-headed hydra
  1042 | D        | HP: 7/184 [18-headed hydra (11)]
  1042 | D        | Slain by an 18-headed hydra

Illustrated notes

Levels and vault maps discovered:
D:        dungeon_sprint_1 [red_sonja_temple_1, red_sonja_temple_small_1]

Skill      XL: |  1  2  3  4  5  6  7  8  9 10 11 |
---------------+----------------------------------+-----
Fighting       | 3 4 5 6 8 9 10 11 12 | 12.0
Dodging        | 3 4 5 6 8 9 10 11 12 | 12.0
Unarmed Combat | 5 7 9 10 11 13 15 16 18 19 | 19.3

Action                     |  1- 3 |  4- 6 |  7- 9 | 10-12 || total
---------------------------+-------+-------+-------+-------++-------
  Melee: Unarmed           |     8 |    15 |    45 |   103 ||   171
         Punch             |       |     1 |     2 |     8 ||    11
 Invoke: Berserk           |     2 |       |     1 |     2 ||     5
    Use: Potion            |       |       |     1 |     1 ||     2
         Scroll            |       |       |       |    10 ||    10
 Armour: Animal skin       |       |       |    16 |     5 ||    21
         Robe              |       |       |       |    31 ||    31
  Dodge: Dodged            |     2 |     4 |    23 |    38 ||    67
